 Dungeon Crawl Stone Soup version 0.29-a0-40-g8eb35efe60 (webtiles) character file.

Game seed: 1783305229512285237

1943 kae the Ruffian (level 8, -1/99 HPs)
             Began as a Pale Draconian Transmuter on Feb 1, 2022.
             Was an Initiate of Ru.
             Slain by an orc (4 damage)
             ... on level 7 of the Dungeon.
             The game lasted 00:06:23 (9386 turns).

kae the Ruffian (Pale Draconian Transmuter)         Turns: 9386, Time: 00:06:23

Health: -1/99      AC: 24    Str: 13    XL:     8   Next: 98%
Magic:  14/14      EV:  2    Int: 16    God:    Ru [......]
Gold:   3311       SH:  0    Dex: 11    Spells: 7/15 levels left

rFire   . . .      SeeInvis +     - Unarmed
rCold   . . .      Faith    .   (no shield)
rNeg    . . .      Spirit   .   (armour unavailable)
rPois   +          Reflect  .   (helmet currently unavailable)
rElec   .          Harm     .   (cloak currently unavailable)
rCorr   .          Rampage  .   (gloves currently unavailable)
Will    .....      NoTele   +   (boots currently unavailable)
Stlth   +.........              (no amulet)
HPRegen 0.26/turn               k - ring of see invisible
MPRegen 0.14/turn               f - +4 ring of evasion

@: mighty, tree-form, marked
A: stationary, stasis, torment immunity, boosted hp, (breathe steam), AC +6,
unfitting armour, (cold-blooded), (steam resistance)
a: Renounce Religion


You were on level 7 of the Dungeon.
You worshipped Ru.
Ru was noncommittal.
You were a tree.
You visited 2 branches of the dungeon, and saw 8 of its levels.

You collected 3311 gold pieces.

Inventory:

Jewellery
 f - a +4 ring of evasion (right branch)
 j - a ring of flight
 k - a ring of see invisible (left branch)
 q - a ring of fire
Wands
 i - a wand of charming (6)
 m - a wand of iceblast (10)
 n - a wand of mindburst (11)
Scrolls
 b - a scroll of enchant weapon
Potions
 a - 2 potions of curing
 c - a potion of resistance
 d - 2 potions of mutation
 e - a potion of brilliance {unknown}
 g - a potion of heal wounds
 o - a potion of haste {unknown}
 p - a potion of attraction {unknown}


   Skills:
 + Level 4.2 Fighting
 + Level 3.8 Dodging
 * Level 6.3 Unarmed Combat
 + Level 4.0 Spellcasting
 * Level 5.7 Transmutations
 * Level 4.7 Ice Magic
 - Level 2.0 Poison Magic


You had 7 spell levels left.
You knew the following spells:

 Your Spells              Type           Power      Damage    Failure   Level
a - Beastly Appendage     Tmut           42%        N/A       1%          1
b - Spider Form           Tmut/Pois      15%        N/A       11%         3
c - Ice Form              Ice/Tmut       20%        N/A       19%         4

Your spell library contained the following spells:

 Spells                   Type           Power      Damage    Failure   Level
 Wereblood                Tmut           21%        N/A       2%          2
 Sublimation of Blood     Necr           3%         N/A       26%         2
 Petrify                  Tmut/Erth      12%        N/A       45%         4
 Irradiate                Conj/Tmut      6%         3d15      82%         5
 Summon Hydra             Summ           1%         N/A       100%        7


Dungeon Overview and Level Annotations

Branches:
Dungeon (7/15)             Temple (1/1) D:6

Altars:
Ashenzari
Cheibriados
Dithmenos
Elyvilon
Fedhas
Gozag
Hepliaklqana
Kikubaaqudgha
Nemelex Xobeh
Okawaru
Qazlal
Ru
Sif Muna
Trog
Uskayaw
Vehumet
Wu Jian
Yredelemnul
Zin
The Shining One

Shops:
D:4 (   D:7 [(*

Annotations:
D:4 1 runed translucent door, p0werm0de's ghost, amateur DjCK
D:7 Harold


Innate Abilities, Weirdness & Mutations

You are a tree.
Your roots penetrate the ground, keeping you stationary.
You cannot be teleported.
You are immune to unholy pain and torment.
Your maximum health is greatly increased.
Your equipment is partially melded.
((You can breathe blasts of scalding, opaque steam.))
((Your pale cyan-grey scales are hard. (AC +6)))
You cannot fit into any form of body armour.
((You are cold-blooded and may be slowed by cold attacks.))
((You are immune to the effects of steam.))


Message History

The killer bee stings you but does no damage.
The orc hits you but does no damage. The killer bee stings you. x2
The killer bee stings you but does no damage.
The howler monkey hits you.
The howler monkey hits you but does no damage.
You barely miss the killer bee.
The killer bee stings you but does no damage.
The killer bee stings you!
The killer bee stings you but does no damage.
Harold hits you from afar with a +1 trident of flaming.
Harold burns you.
The orc hits you with a +1 vampiric hand axe.
* * * LOW HITPOINT WARNING * * *
The killer bee stings you but does no damage.
The howler monkey barely misses you. The killer bee stings you.
* * * LOW HITPOINT WARNING * * *
The howler monkey hits you.
* * * LOW HITPOINT WARNING * * *
The killer bee stings you but does no damage.
You pummel the killer bee!!
You kill the killer bee!
The killer bee stings you.
* * * LOW HITPOINT WARNING * * *
Harold hits you but does no damage. The orc hits you but does no damage.
The howler monkey hoots and howls with incredible vigour!
The killer bee stings you but does no damage.
The howler monkey hits you but does no damage.
The killer bee stings you but does no damage.
The killer bee stings you.
* * * LOW HITPOINT WARNING * * *
You pummel the killer bee!!
You kill the killer bee!
The killer bee stings you but does no damage. x2
Harold hits you from afar with a +1 trident of flaming!
* * * LOW HITPOINT WARNING * * *
Harold burns you.
* * * LOW HITPOINT WARNING * * *
The howler monkey hits you but does no damage.
The orc hits you with a +1 vampiric hand axe.
You die...

... .....#####... #.#
.#..........# .....
##.#..#..........# .......
..8#..#..........# .......
...#..#..........# .......
>.....#..........##.......
..........).8....#........
..∩...8...÷....yyh........
..........8.>.8†♣hZ..)....
....<...#.....###o.#####.
.#......###.∩.# ##@##
.#8...8.# #...#
#J5####......
.####.#.##8.<.8#
##.##......... .#
#.#)###...##
#.##.......... ## #.#)#
##8## #.##.......... #.#.#
### #.J#.......... #.#.#
##.#..........


You could see Harold, 2 howler monkeys, a jelly, 2 killer bees, a shadow imp, an
orc and a centaur skeleton.

Vanquished Creatures
  A steam dragon (D:7)
  A hornet zombie (D:7)
  A sky beast (D:6)
  2 ogres
  A centaur (D:7)
  3 bullfrogs
  A kobold brigand (D:6)
  3 scorpions
  A water moccasin skeleton (D:5)
  8 killer bees
  A howler monkey (D:7)
  A lava snake (D:7)
  A centaur zombie (D:5)
  2 hounds
  2 jellies
  Ijyb (D:5)
  2 iguanas
  3 orc wizards (D:7)
  A hound skeleton (D:4)
  7 adders
  A white imp (D:6)
  An adder skeleton (D:4)
  2 worms (D:2)
  2 dart slugs
  15 orcs
  10 bats
  9 endoplasms
  5 giant cockroaches
  2 goblins
  5 hobgoblins
  5 jackals (D:1)
  A quokka (D:2)
  5 ball pythons
  3 frilled lizards (D:1)
  14 kobolds
  A rat (D:1)
124 creatures vanquished.

Notes
Turn   | Place    | Note
-------+----------+-------------------------------------------
     0 | D:1      | kae the Draconian Transmuter began the quest for the Orb.
     0 | D:1      | Reached XP level 1. HP: 16/16 MP: 3/3
   175 | D:1      | Reached XP level 2. HP: 22/23 MP: 3/5
   885 | D:1      | Found a faded altar of an unknown god.
   916 | D:1      | Reached XP level 3. HP: 26/28 MP: 6/6
   924 | D:1      | Learned a level 3 spell: Spider Form
  2029 | D:2      | Found a glowing silver altar of Zin.
  2229 | D:2      | Reached skill level 1 in Poison Magic
  2229 | D:2      | Reached XP level 4. HP: 36/36 MP: 5/7
  3187 | D:3      | Found a blossoming altar of Fedhas.
  3563 | D:4      | Reached XP level 5. HP: 33/41 MP: 8/8
  3568 | D:4      | Learned a level 4 spell: Ice Form
  3828 | D:4      | Reached skill level 4 in Unarmed Combat
  4227 | D:4      | Noticed an ogre
  4237 | D:4      | Killed an ogre
  4238 | D:4      | Reached skill level 1 in Ice Magic
  4238 | D:4      | Reached XP level 6. HP: 19/49 MP: 5/10
  4545 | D:4      | Found a bloodstained altar of Trog.
  4811 | D:4      | Found Moesok's Weapon Emporium.
  4859 | D:4      | Found a runed translucent door.
  4886 | D:4      | Noticed p0werm0de's ghost (amateur DjCK)
  5085 | D:5      | Entered Level 5 of the Dungeon
  5468 | D:5      | Your scales start taking on a pale cyan-grey colour.
  5468 | D:5      | Reached XP level 7. HP: 49/56 MP: 7/11
  5468 | D:5      | Gained mutation: You are immune to the effects of steam.
                  | [Pale Draconian growth]
  5533 | D:5      | Found a snail-covered altar of Cheibriados.
  5617 | D:5      | Found an ancient bone altar of Kikubaaqudgha.
  5937 | D:5      | Reached skill level 5 in Unarmed Combat
  5963 | D:5      | Noticed Ijyb
  6300 | D:5      | Killed Ijyb
  6882 | D:6      | Identified 3 scrolls of acquirement
  6882 | D:6      | Acquired 1105 gold pieces
  7157 | D:6      | Reached XP level 8. HP: 63/63 MP: 10/13
  7169 | D:6      | Acquired 772 gold pieces
  7171 | D:6      | Acquired 1060 gold pieces
  7213 | D:6      | Found a white marble altar of Elyvilon.
  7561 | D:6      | Found a staircase to the Ecumenical Temple.
  7586 | Temple   | Entered the Ecumenical Temple
  7815 | Temple   | Became a worshipper of Ru the Awakened
  8613 | D:7      | Found a sparkling altar of Nemelex Xobeh.
  8651 | D:7      | Found Sukoti's Weapon Shoppe.
  8665 | D:7      | Reached skill level 5 in Transmutations
  8840 | D:7      | Found Elurihuxt's Antique Armour Shop.
  9087 | D:7      | Reached skill level 6 in Unarmed Combat
  9143 | D:7      | Found Ywioxteth's General Store.
  9342 | D:7      | Noticed Harold
  9386 | D:7      | HP: 3/99 [Harold (3)]
  9386 | D:7      | Slain by an orc

Illustrated notes

Levels and vault maps discovered:
D:1:      noname_arrival_rooms_in_the_neighbourhood, layout_basic,
          hellmonk_ecumenical_altar_lost_god, grunt_decor_cap
D:2:      layout_loops_cross, basic_altar
D:3:      layout_loops_ring, fedhas_altar_4
D:4:      layout_loops_corners, mainiacjoe_overflow_24_doors, serial_shops,
          nicolae_shop_bloodbath_and_beyond, ebering_ghost_reflecting_pool
D:5:      layout_basic, mainiacjoe_overflow_concentric_impassable,
          nicolae_overflow_crystal_walls, uniq_ijyb
D:6:      layout_layer_cave, mainiacjoe_overflow_tiny_flanked,
          minmay_temple_entry_large_hall
D:7:      layout_basic, mainiacjoe_overflow_catwalk, serial_shops,
          nicolae_shop_statue_plus, nicolae_inconvenience_store,
          nicolae_stop_n_shop_2, shop, nicolae_stop_n_shop_1, kennysheep_donut,
          kennysheep_nondescript, uniq_harold
Temple:   eino_narrow_crystal_temple

Skill      XL: |  1  2  3  4  5  6  7  8 |
---------------+-------------------------+-----
Dodging        | 2 3 |  3.8
Poison Magic   | 1 2 |  2.0
Fighting       | 2 3 4 |  4.2
Transmutations | 3 4 5 |  5.7
Unarmed Combat | 4 5 6 |  6.3
Ice Magic      | 1 2 3 4 |  4.7
Spellcasting   | 3 4 |  4.0

Action                   |  1- 3 |  4- 6 |  7- 9 || total
-------------------------+-------+-------+-------++-------
Melee: Unarmed           |   147 |   131 |   195 ||   473
       Headbutt          |    15 |     7 |     1 ||    23
       Kick              |    29 |     5 |     1 ||    35
       Tailslap          |    15 |     9 |     7 ||    31
       Punch             |       |     1 |     2 ||     3
 Cast: Beastly Appendage |    28 |    16 |     1 ||    45
       Spider Form       |       |     6 |    16 ||    22
       Ice Form          |       |     1 |     5 ||     6
 Abil: Breathe Steam     |       |       |     1 ||     1
  Use: Scroll            |     3 |     8 |     6 ||    17
       Potion            |       |       |     2 ||     2
Armor: Skin              |    48 |    41 |    84 ||   173
Dodge: Dodged            |   108 |   108 |   188 ||   404

Table legend: (Time is in decaauts)
 A = Elapsed time spent in this place.
 B = Non-inter-level travel time spent in this place.
 C = Inter-level travel time spent in this place.
 D = Time resting spent in this place.
 E = Time spent auto-exploring this place.
 F = Levels seen in this place.
 G = Mean time per level.
                   A        B        C        D        E       F      G
               +--------+--------+--------+--------+--------+-----+--------+
         Total |   9349 |   9126 |    223 |    506 |   7458 |   8 | 1168.6 |
       Dungeon |   9111 |   8923 |    188 |    506 |   7264 |   7 | 1301.6 |
        Temple |    237 |    203 |     34 |      0 |    194 |   1 |  237.0 |
               +--------+--------+--------+--------+--------+-----+--------+

Top non-repeatable levels by time:
     D:4: 1861 daAuts
     D:5: 1483 daAuts
     D:6: 1476 daAuts
     D:1: 1426 daAuts
     D:3: 1102 daAuts
     D:2: 983 daAuts
     D:7: 776 daAuts
  Temple: 237 daAuts
